 Dungeon Crawl Stone Soup version 0.24.0-13-gcf9b3192b9 (webtiles) character file.

Game seed: 12802518399049081953, levelgen mode: deterministic

72687 Kairok the Covert (level 15, -5/78 HPs)
             Began as a Vine Stalker Assassin on Nov 5, 2019.
             Was a High Priest of Okawaru.
             Blown up by an orb spider (28 damage)
             ... with an orb of destruction
             ... on level 3 of the Spider Nest.
             The game lasted 00:51:38 (20244 turns).

Kairok the Covert (Vine Stalker Assassin)          Turns: 20244, Time: 00:51:38

Health: -5/78      AC: 24    Str: 23    XL:     15   Next: 40%
Magic:  0/18       EV: 17    Int: 19    God:    Okawaru [*****.]
Gold:   173        SH: 19    Dex: 23    Spells: 14/14 levels left

rFire    + + .     SeeInvis +   R - +4 quick blade
rCold    x x .     Gourm    .   y - +0 shield
rNeg     . . .     Faith    .   L - +4 scale mail of Huivejasu {*Drain rElec Str+10 Int-2}
rPois    +         Spirit   +   w - +2 hat {Int+3}
rElec    +         Reflect  +   o - +2 cloak
rCorr    .         Harm     .   A - +2 pair of gloves
MR       +....                  v - +2 pair of boots
Stlth    ++++......             U - +5 amulet of reflection
HPRegen  1.03/turn              t - ring of Baugif {Fire rPois Int+4 SInv}
MPRegen  0.16/turn              P - ring "Fiem" {Fire +Blink Int+3 Dex+2}

@: lethally poisoned (-5 -> -19)
A: fangs 3, clumsy 1, regeneration 2, magic shield, antimagic bite, no potion
heal 3, rot immunity
a: Heroism, Finesse, Renounce Religion, Evoke Blink


You were on level 3 of the Spider Nest.
You worshipped Okawaru.
Okawaru was extremely pleased with you.
You were not hungry.

You visited 4 branches of the dungeon, and saw 20 of its levels.
You also visited: Ossuary.

You collected 1379 gold pieces.
You spent 1206 gold pieces at shops.

Inventory:

Hand Weapons
 D - the +8 short sword of Domination {pierce, rC- Int+5}
   (Okawaru gifted it to you on level 6 of the Lair of Beasts)

   It inflicts extra damage upon your enemies.
   It affects your intelligence (+5).
   It makes you vulnerable to cold.
 G - a +3 short sword of protection
 Q - a +0 short sword of holy wrath
 R - a +4 quick blade (weapon)
Missiles
 e - a curare-tipped dart (quivered)
 q - 63 poisoned darts
 C - 2 throwing nets
 Y - 13 datura-tipped darts
Armour
 c - a +2 chain mail of cold resistance
 o - a +2 cloak (worn)
 r - a +2 leather armour of poison resistance
 u - the +5 chain mail of Negligence {Int+3, unknown}
   (Okawaru gifted it to you on level 1 of the Spider Nest)

   It affects your intelligence (+3).
 v - a +2 pair of boots (worn)
 w - a +2 hat of intelligence (worn)
 y - a +0 shield (worn)
 A - a +2 pair of gloves (worn)
 L - the +4 scale mail of Huivejasu (worn) {*Drain rElec Str+10 Int-2}
   (You bought it in a shop on level 6 of the Dungeon)

   It affects your strength (+10).
   It affects your intelligence (-2).
   It insulates you from electricity.
   It causes draining when unequipped.
Jewellery
 d - an uncursed amulet of rage
 l - an uncursed ring of ice
 t - the ring of Baugif (left hand) {Fire rPois Int+4 SInv}
   (You bought it in a shop on level 4 of the Dungeon)

   [ring of fire]

   It enhances your fire magic.
   It affects your intelligence (+4).
   It protects you from fire.
   It makes you vulnerable to cold.
   It protects you from poison.
   It lets you see invisible.
 E - a +3 amulet of reflection
 H - an uncursed ring of stealth
 P - the ring "Fiem" (right hand) {Fire +Blink Int+3 Dex+2}
   (You found it on level 3 of the Lair of Beasts)

   [ring of fire]

   It enhances your fire magic.
   It affects your intelligence (+3).
   It affects your dexterity (+2).
   It protects you from fire.
   It makes you vulnerable to cold.
   It lets you blink.
 U - a +5 amulet of reflection (around neck)
Wands
 a - a wand of clouds (5)
 O - a wand of enslavement (5)
 V - a wand of disintegration (5)
 X - a wand of acid (6)
Scrolls
 h - 15 scrolls of remove curse
 j - 10 scrolls of teleportation
 m - 4 scrolls of blinking
 p - a scroll of summoning
 z - a scroll of immolation
 B - 5 scrolls of fear
 N - 2 scrolls of enchant armour
 W - 2 scrolls of magic mapping
Potions
 b - a potion of might {unknown}
 g - 3 potions of berserk rage
 i - 3 potions of brilliance
 k - 2 potions of curing
 n - 2 potions of cancellation {unknown}
 s - 2 potions of haste {unknown}
 x - 2 potions of flight
 F - 2 potions of mutation {unknown}
 J - a potion of resistance
 K - 3 potions of lignification
Miscellaneous
 Z - a phantom mirror
Comestibles
 f - 31 rations
 I - a chunk of flesh


   Skills:
 + Level 8.7 Fighting
 + Level 12.3 Short Blades
   Level 0.3 Staves
 + Level 4.1 Throwing
 + Level 8.6 Armour
 + Level 8.9 Dodging
 + Level 12.8 Stealth
 + Level 11.2 Shields
 + Level 2.9 Invocations
 + Level 0.4 Evocations


You had 14 spell levels left.
You didn't know any spells.
Your spell library contained the following spells:

 Spells                   Type           Power        Failure   Level  Hunger
 Beastly Appendage        Tmut           #.....       58%         1    ##.....
 Magic Dart               Conj           #...         58%         1    ##.....
 Sandblast                Erth           #.....       58%         1    ##.....
 Blink                    Tloc           N/A          73%         2    ###....
 Call Imp                 Summ           #.......     73%         2    ###....
 Passwall                 Tmut/Erth      #.......     73%         2    ###....
 Searing Ray              Conj           #.....       73%         2    ###....
 Slow                     Hex            #.......     73%         2    ###....
 Sticks to Snakes         Tmut           #.......     73%         2    ###....
 Conjure Flame            Conj/Fire      #.......     91%         3    ####...
 Dazzling Spray           Conj/Hex       #.....       91%         3    ####...
 Ignite Poison            Fire/Tmut/Pois #.......     91%         3    ####...
 Mephitic Cloud           Conj/Pois/Air  #.......     91%         3    ####...
 Spider Form              Tmut/Pois      #.........   91%         3    ####...
 Stone Arrow              Conj/Erth      #.....       91%         3    ####...
 Cause Fear               Hex            #.........   100%        4    #####..
 Force Lance              Conj/Tloc      #.......     100%        4    #####..
 Fulminant Prism          Conj/Hex       #.........   100%        4    #####..
 Ice Form                 Ice/Tmut       #.......     100%        4    #####..
 Iskenderun's Mystic Bla  Conj           #.......     100%        4    #####..
 Leda's Liquefaction      Hex/Erth       #.........   100%        4    #####..
 Petrify                  Tmut/Erth      #.......     100%        4    #####..
 Summon Lightning Spire   Summ/Air       #.......     100%        4    #####..
 Blade Hands              Tmut           #.........   100%        5    ######.
 Bolt of Magma            Conj/Fire/Erth #.........   100%        5    ######.
 Fireball                 Conj/Fire      #.........   100%        5    ######.
 Lee's Rapid Deconstruct  Erth           #.........   100%        5    ######.
 Silence                  Hex/Air        #.........   100%        5    ######.
 Yara's Violent Unravell  Hex/Tmut       #.........   100%        5    ######.
 Bolt of Fire             Conj/Fire      #.........   100%        6    #######
 Conjure Ball Lightning   Conj/Air       #.........   100%        6    #######
 Deflect Missiles         Chrm/Air       #.........   100%        6    #######
 Iron Shot                Conj/Erth      #.........   100%        6    #######
 Statue Form              Tmut/Erth      #........    100%        6    #######
 Ring of Flames           Chrm/Fire      #.........   100%        7    #######
 Discord                  Hex            #.........   100%        8    #######
 Ignition                 Fire           #.........   100%        8    #######
 Shatter                  Erth           #.........   100%        9    #######
 Tornado                  Air            #.........   100%        9    #######


Dungeon Overview and Level Annotations

Branches:
Dungeon (10/15)            Temple (1/1) D:6            Lair (6/6) D:9
 Shoals (0/4) Lair:4       Spider (3/4) Lair:3        Slime (0/5) Lair:5
Ossuary (visited)
    Orc: D:9-12

Altars:
Ashenzari
Cheibriados
Elyvilon
Fedhas
Gozag
Hepliaklqana
Kikubaaqudgha
Makhleb
Okawaru
Qazlal
Sif Muna
Trog
Uskayaw
Wu Jian
The Shining One
Jiyva

Shops:
D:4 =   D:6 ([?*   D:8 :

Annotations:
Lair:3 exclusion: 3 oklob plants


Innate Abilities, Weirdness & Mutations

You have razor-sharp teeth.
You heal very quickly.
When hurt, damage is shared between your health and your magic reserves.
Your bite disrupts and absorbs the magic of your enemies.
Potions cannot restore your health.
You are immune to rotting.
You are clumsy. (Dex -2)


Message History

You are too injured to fight recklessly!
You are too injured to fight recklessly!
You are too injured to fight recklessly!
Unknown command.
You feel very sick.
The jumping spider leaps!
You feel very sick.
A redback comes into view.
The orb spider weaves a glowing orb of energy.
An orb of destruction comes into view.
You feel very sick.
The orb spider spins a strand of pure energy.
You feel very sick.
The orb spider spins a strand of pure energy.
The jumping spider leaps!
Things that are here:
a redback corpse; a jumping spider corpse You feel very sick.
The orb of destruction hits you!!!
You die...

## .## ..######
.###...## .#......# ###
........###^######
........#.#..##..####
...........s..##@)..#
...............#○...#
........^.s○°°○☼†...##
.......).....s.......#
....s.......†(...^...#
............†.....†..##
......................#
..○...........s.......#
....................^.#


You could see a redback (wandering).

Vanquished Creatures
  Asterion (Spider:1)
  Aizul (Spider:2)
  An emperor scorpion (Spider:1)
  An entropy weaver (Spider:1)
  A fire dragon (Lair:6)
  4 hydras
  2 catoblepae (Lair:4)
  6 death yaks (Lair:6)
  The ghost of skelma the Cleaver, a novice DsGl of Yredelemnul (D:9)
  Urug (Lair:3)
  A swamp dragon (Lair:6)
  7 orb spiders
  An oklob plant (Lair:3)
  15 wolf spiders
  3 manticores (Lair:4)
  4 moths of wrath
  5 black mambas
  Psyche (D:8)
  2 centaur skeletons (D:10)
  9 spiny frogs
  A rime drake (Lair:6)
  10 demonic crawlers
  5 komodo dragons
  18 jumping spiders
  3 meliai (Spider:3)
  11 polar bears (Lair:6)
  3 raiju (Lair:6)
  2 hornets
  21 blink frogs
  5 hippogriffs
  3 slime creatures (D:5)
  26 redbacks
  13 tarantellas
  A hungry ghost (D:10)
  4 basilisks
  20 yaks
  2 neqoxecs (D:9)
  4 wargs (Lair:6)
  2 steam dragons (Lair:6)
  14 hell hounds (Lair:6)
  2 acid dragons (Lair:6)
  11 water moccasins
  6 porcupines
  An ice beast (D:9)
  2 swamp drakes (Lair:6)
  3 orc warriors
  2 phantoms
  36 wolves
  4 ogres
  13 black bears
  4 centaurs
  15 crocodiles
  4 big kobolds
  8 bullfrogs
  4 elf zombies (Ossuary)
  2 scorpions
  6 killer bees (D:9)
  7 wights
  3 electric eels (Spider:2)
  6 howler monkeys
  6 crimson imps
  A centaur zombie (Ossuary)
  3 quasits (D:9)
  3 hounds
  4 orc priests
  7 jellies
  A human zombie (Ossuary)
  8 orc wizards
  Terence (D:2)
  4 iguanas
  9 worker ants
  3 mummies (Ossuary)
  A worker ant zombie (D:7)
  Robin (D:4)
  4 gnolls (D:4)
  15 adders
  10 oozes
  An adder skeleton (D:4)
  5 adder zombies
  A worm (D:3)
  2 dart slugs
  3 leopard geckos
  37 orcs
  A ball python (D:2)
  5 giant cockroaches
  A gnoll zombie (Ossuary)
  12 goblins
  14 hobgoblins
  4 jackals (D:10)
  2 quokkas
  8 bats
  2 frilled lizards
  4 goblin zombies (Ossuary)
  5 hobgoblin zombies (Ossuary)
  3 jackal zombies (Ossuary)
  18 kobolds
  5 kobold zombies (Ossuary)
  3 orc zombies (Ossuary)
  3 quokka zombies (Ossuary)
  7 rats
  2 rat zombies (Ossuary)
603 creatures vanquished.

Vanquished Creatures (others)
  An orb spider (Spider:2)
  A wolf (Lair:6)
  An iguana (Lair:6)
  29 fungi
  29 plants
  8 toadstools (D:5)
69 creatures vanquished.

Grand Total: 672 creatures vanquished

Notes
Turn   | Place    | Note
-------+----------+-------------------------------------------
     0 | D:1      | Kairok the Vine Stalker Assassin began the quest for the
                  | Orb.
     0 | D:1      | Reached XP level 1. HP: 11/11 MP: 2/2
   299 | D:1      | Reached skill level 5 in Stealth
   518 | D:1      | Reached XP level 2. HP: 14/15 MP: 3/3
  1248 | D:2      | Reached skill level 1 in Dodging
  1279 | D:2      | Noticed Terence
  1295 | D:2      | Reached XP level 3. HP: 6/18 MP: 2/4
  1668 | D:2      | Killed Terence
  1725 | D:2      | Gained mutation: Your natural rate of healing is unusually
                  | fast. [Vine Stalker growth]
  1725 | D:2      | Reached XP level 4. HP: 18/23 MP: 5/5
  2499 | D:3      | Reached XP level 5. HP: 26/26 MP: 6/6
  2702 | D:3      | Found a white marble altar of Elyvilon.
  2968 | D:3      | Reached skill level 1 in Armour
  3187 | D:3      | Reached XP level 6. HP: 31/31 MP: 7/7
  3336 | D:4      | Noticed Robin
  3361 | D:4      | Killed Robin
  3541 | D:4      | Found the +7 lajatang of Order {silver, rMut}
  3699 | D:4      | Found Pokli's Jewellery Boutique.
  3729 | D:4      | Bought a cursed ring of attention for 45 gold pieces
  3729 | D:4      | Bought a cursed ring of teleportation for 45 gold pieces
  3772 | D:5      | Entered Level 5 of the Dungeon
  3807 | D:5      | Reached skill level 1 in Shields
  3807 | D:5      | Reached XP level 7. HP: 35/35 MP: 8/8
  4273 | D:5      | Noticed a slime creature
  4273 | D:5      | Noticed a slime creature
  4273 | D:5      | Noticed a slime creature
  4295 | D:5      | Killed a slime creature
  4295 | D:5      | Gained mutation: You have razor-sharp teeth. [Vine Stalker
                  | growth]
  4295 | D:5      | Reached XP level 8. HP: 4/40 MP: 6/9
  5038 | D:5      | Killed a slime creature
  5161 | D:5      | Killed a slime creature
  5161 | D:5      | Reached skill level 5 in Short Blades
  5538 | D:6      | Found Zuneogu's Antique Weapon Shoppe.
  5613 | D:6      | Found a staircase to the Ecumenical Temple.
  5618 | Temple   | Entered the Ecumenical Temple
  5662 | Temple   | Became a worshipper of Warmaster Okawaru
  5737 | D:6      | Found Soarabed's Antique Armour Emporium.
  5757 | D:6      | Found Keos Wawa's Magic Scroll Emporium.
  5768 | D:6      | Reached XP level 9. HP: 40/45 MP: 10/10
  6036 | D:6      | Found Qomuro's General Store.
  6211 | D:7      | Found a sand-covered staircase.
  6216 | Ossuary  | Entered an ossuary
  6328 | Ossuary  | Reached * piety under Okawaru
  7036 | D:6      | Bought a polished scale mail for 216 gold pieces
  7046 | D:6      | Identified the +4 scale mail of Huivejasu {*Drain rElec
                  | Str+10 Int-2} (You bought it in a shop on level 6 of the
                  | Dungeon)
  7299 | D:8      | Noticed Psyche
  7302 | D:8      | Killed Psyche
  7333 | D:8      | Reached ** piety under Okawaru
  7389 | D:8      | Reached XP level 10. HP: 46/51 MP: 11/11
  7432 | D:8      | Reached skill level 5 in Dodging
  7671 | D:8      | Found Ypimm's Book Shop.
  8022 | D:9      | Found a transporter.
  8108 | D:9      | Reached skill level 5 in Fighting
  8143 | D:9      | Reached *** piety under Okawaru
  8240 | D:9      | Found a hide-covered altar of Uskayaw.
  8314 | D:9      | Found a staircase to the Lair.
  8344 | D:9      | Found an iron altar of Okawaru.
  8691 | D:9      | Reached **** piety under Okawaru
  8776 | D:9      | Found a transporter.
  8786 | D:9      | Noticed skelma's ghost (novice DsGl)
  8830 | D:9      | Reached XP level 11. HP: 56/56 MP: 12/12
  8842 | D:9      | Gained mutation: You are clumsy. (Dex -2) [a neqoxec]
  8891 | D:9      | Killed skelma's ghost
  8891 | D:9      | Reached skill level 5 in Shields
  8891 | D:9      | Reached skill level 1 in Invocations
  8929 | D:10     | Entered Level 10 of the Dungeon
  8983 | D:10     | Received a gift from Okawaru
  9251 | D:10     | Reached skill level 10 in Stealth
  9598 | Lair:1   | Entered Level 1 of the Lair of Beasts
  9922 | Lair:1   | Reached ***** piety under Okawaru
  9957 | Lair:1   | Reached skill level 5 in Armour
 10081 | Lair:1   | Received a gift from Okawaru
 10397 | Lair:2   | Reached skill level 10 in Short Blades
 10574 | Lair:2   | Received a gift from Okawaru
 10614 | Lair:2   | Gained mutation: You heal very quickly. [Vine Stalker
                  | growth]
 10614 | Lair:2   | Reached XP level 12. HP: 59/61 MP: 14/14
 10893 | Lair:2   | Noticed a four-headed hydra
 10908 | Lair:2   | Killed a four-headed hydra
 11475 | Lair:3   | Found a hole to the Spider Nest.
 11495 | Lair:3   | Noticed Urug
 11506 | Lair:3   | Killed Urug
 12277 | Lair:4   | Found a staircase to the Shoals.
 12348 | Lair:4   | Noticed a catoblepas
 12349 | Lair:4   | Noticed a catoblepas
 12353 | Lair:4   | Killed a catoblepas
 12479 | Lair:4   | Killed a catoblepas
 12538 | Lair:4   | Reached ****** piety under Okawaru
 12868 | Lair:4   | Reached XP level 13. HP: 66/66 MP: 15/15
 12955 | Lair:4   | Received a gift from Okawaru
 12958 | Lair:4   | Got a slimy short sword {god gift}
 12959 | Lair:4   | Identified the +1 short sword of the Skies Above {pain,
                  | Dex+7} (Okawaru gifted it to you on level 4 of the Lair of
                  | Beasts)
 13385 | Lair:5   | Found a staircase to the Slime Pits.
 13387 | Lair:5   | Found a viscous altar of Jiyva.
 13828 | Lair:6   | Entered Level 6 of the Lair of Beasts
 14190 | Lair:5   | Received a gift from Okawaru
 15035 | Lair:6   | Noticed a fire dragon
 15440 | Lair:6   | Reached XP level 14. HP: 51/72 MP: 13/16
 15678 | Lair:6   | Received a gift from Okawaru
 15703 | Lair:6   | Got a dazzling short sword {god gift}
 15704 | Lair:6   | Identified the +8 short sword of Domination {pierce, rC-
                  | Int+5} (Okawaru gifted it to you on level 6 of the Lair of
                  | Beasts)
 16748 | D:4      | Bought the ring of Baugif {Fire rPois Int+4 SInv} for 488
                  | gold pieces
 17360 | D:4      | Bought a +5 amulet of reflection for 412 gold pieces
 17587 | Lair:3   | Got a twitching lapis lazuli ring
 17600 | Lair:3   | Identified the ring "Fiem" {Fire +Blink Int+3 Dex+2} (You
                  | found it on level 3 of the Lair of Beasts)
 17667 | Spider:1 | Entered Level 1 of the Spider Nest
 17946 | Spider:1 | Received a gift from Okawaru
 17950 | Spider:1 | Got a translucent chain mail {god gift}
 18063 | Spider:1 | Noticed an emperor scorpion
 18067 | Spider:1 | Killed an emperor scorpion
 18184 | Spider:1 | Noticed an entropy weaver
 18394 | Spider:1 | Noticed Asterion
 18401 | Spider:1 | Killed Asterion
 18681 | Spider:1 | Killed an entropy weaver
 18822 | Spider:2 | Noticed Aizul
 18833 | Spider:2 | Killed Aizul
 18833 | Spider:2 | Reached skill level 10 in Shields
 19020 | Spider:2 | Reached XP level 15. HP: 78/78 MP: 18/18
 19262 | Spider:2 | Received a gift from Okawaru
 20154 | Spider:3 | Received a gift from Okawaru
 20244 | Spider:3 | Blown up by an orb spider

Levels and vault maps discovered:
D:1:      evilmike_arrival_home_sweet_home, layout_basic, serial_rivers,
          chequers_serial_rivers_room_a, chequers_serial_rivers_micro_a,
          chequers_serial_rivers_room_a, chequers_serial_rivers_marsh,
          nrook_loot_triangle
D:2:      layout_loops_cross, first_ration, corexii_item_surrounded_by_moat,
          minmay_puff, uniq_terence
D:3:      layout_loops_corners, elyvilon_altar_5, grunt_ministairs_15
D:4:      layout_rooms, serial_shops, shop, uniq_robin
D:5:      cheibrodos_fertilizer, layout_gridville
D:6:      layout_rooms, temple_doors_e, serial_shops,
          nicolae_shop_temple_entry_statues_fountains, nicolae_shop_trees, shop,
          nicolae_shop_overgrown_old_shop
D:7:      layout_rooms, enter_ossuary_3
D:8:      layout_basic, serial_shops, nicolae_shop_stone, serial_curves,
          eino_curves_02, eino_curves_01, uniq_psyche
D:9:      layout_cave_pools, dpeg_oklobed_lair, basic_altar,
          gammafunk_ghost_stat_death, hangedman_little_slice_of_home,
          minmay_statues_item, okawaru_trees_1
D:10:     layout_cave_pools
Temple:   regret_index_temple_sigil_plot
Lair:1:   layout_concentric_octagons, minivault_11, grunt_forest_small_clearings
Lair:2:   layout_regular_city
Lair:3:   layout_cave_pods, spider_nest_entry_webs,
          chequers_serial_rivers_large_a, grunt_megastairs_4,
          minmay_lair_oklob_chamber, uniq_urug
Lair:4:   nzn_motion_control, layout_long_grid, minmay_shoals_entry_beasts,
          serial_bayou_pond_c, grunt_megastairs_2
Lair:5:   layout_roguey, slime_altar_1, infiniplex_staircase_pool_2
Lair:6:   guppyfry_lair_end_dragon, layout_small_grid,
          hangedman_lair_caniforms_friends, grunt_megastairs_3
Spider:1: layout_spider_delve, uniq_asterion
Spider:2: layout_spider_delve, uniq_aizul
Spider:3: layout_spider_delve

Skill      XL: |  1  2  3  4  5  6  7  8  9 10 11 12 13 14 15 |
---------------+----------------------------------------------+-----
Short Blades   | 2 3 4 5 7 9 10 11 12 | 12.3
Stealth        | 5 6 7 8 9 10 11 12 | 12.8
Dodging        | 1 2 3 4 5 6 7 8 |  8.9
Fighting       | 2 3 4 5 6 7 8 |  8.7
Throwing       | 2 3 4 |  4.1
Armour         | 1 2 3 4 5 6 7 8 |  8.6
Shields        | 1 2 4 5 6 8 10 11 | 11.2
Invocations    | 1 2 |  2.9
Staves         | |  0.3
Evocations     | |  0.4

Action                   |  1- 3 |  4- 6 |  7- 9 | 10-12 | 13-15 || total
-------------------------+-------+-------+-------+-------+-------++-------
Melee: Dagger            |    70 |   275 |    75 |       |       ||   420
       Bite              |    17 |    84 |   222 |   470 |   866 ||  1659
       Short sword       |       |       |   445 |   988 |  1309 ||  2742
       Lajatang          |       |       |     2 |       |       ||     2
       Quick blade       |       |       |       |       |   265 ||   265
Throw: Dart              |     9 |     2 |     9 |    18 |    17 ||    55
       Throwing net      |       |       |       |     2 |       ||     2
Invok: Heroism           |       |       |       |     8 |    21 ||    29
       Finesse           |       |       |       |       |     3 ||     3
Evoke: Wand              |       |       |       |       |     2 ||     2
  Use: Scroll            |     4 |     6 |     4 |     9 |    16 ||    39
       Potion            |       |       |       |       |     5 ||     5
 Stab: Sleeping          |     2 |    11 |    22 |    23 |    14 ||    72
       Distracted        |       |     1 |       |       |     4 ||     5
       Held in net/web   |       |       |       |     2 |       ||     2
       Confused          |       |       |       |       |     4 ||     4
  Eat: Ration            |     1 |       |     1 |     3 |     4 ||     9
       Chunk             |       |     6 |     9 |    11 |    11 ||    37
Armor: Ring mail         |    22 |    25 |       |       |       ||    47
       Robe              |     5 |       |       |       |       ||     5
       Leather armour    |       |    81 |   117 |       |       ||   198
       Scale mail        |       |    27 |    12 |   357 |   567 ||   963
Dodge: Dodged            |    46 |   167 |   219 |   526 |   877 ||  1835
Block: Buckler           |       |    48 |    96 |   243 |   264 ||   651
       Shield            |       |       |       |       |   538 ||   538
